Workbook
Name 促销员资料: #REF!
Name 货品资料: #REF!
Name 型号: #REF!
Name 资料: OFFSET(#REF!,,,COUNTA(#REF!),COUNTA(#REF!))

Sheet 首页

Sheet 入库
B4: 单号 | C4: 一级分类 | D4: 二级分类 | E4: 日期 | F4: 名称 | G4: 型号 | H4: 吊牌单价 | I4: 数量 | J4: 吊牌金额 | K4: 折扣 | L4: 折扣额 | M4: 实付金额 | N4: 折扣说明
B5: V0901012 | C5: 分类1 | D5: 分类2 | E5: 40118 | F5: 名称1 | G5: 1-1 | H5: 12 | I5: 10 | J5: =IF(ISERR(H5*I5),0,H5*I5) -> 120 | K5: 0.05 | L5: =J5*K5 -> 6 | M5: =J5-L5 -> 114
B6: V0901012 | C6: 分类2 | D6: 分类3 | E6: 40119 | F6: 名称2 | G6: 1-2 | H6: 13 | I6: 10 | J6: =IF(ISERR(H6*I6),0,H6*I6) -> 130 | K6: 0.05 | L6: =J6*K6 -> 6.5 | M6: =J6-L6 -> 123.5
J7: =IF(ISERR(H7*I7),0,H7*I7) -> 0 | L7: =J7*K7 -> 0 | M7: =J7-L7 -> 0
J8: =IF(ISERR(H8*I8),0,H8*I8) -> 0 | L8: =J8*K8 -> 0 | M8: =J8-L8 -> 0
J9: =IF(ISERR(H9*I9),0,H9*I9) -> 0 | L9: =J9*K9 -> 0 | M9: =J9-L9 -> 0
J10: =IF(ISERR(H10*I10),0,H10*I10) -> 0 | L10: =J10*K10 -> 0 | M10: =J10-L10 -> 0
J11: =IF(ISERR(H11*I11),0,H11*I11) -> 0 | L11: =J11*K11 -> 0 | M11: =J11-L11 -> 0
J12: =IF(ISERR(H12*I12),0,H12*I12) -> 0 | L12: =J12*K12 -> 0 | M12: =J12-L12 -> 0
J13: =IF(ISERR(H13*I13),0,H13*I13) -> 0 | L13: =J13*K13 -> 0 | M13: =J13-L13 -> 0
J14: =IF(ISERR(H14*I14),0,H14*I14) -> 0 | L14: =J14*K14 -> 0 | M14: =J14-L14 -> 0
J15: =IF(ISERR(H15*I15),0,H15*I15) -> 0 | L15: =J15*K15 -> 0 | M15: =J15-L15 -> 0
J16: =IF(ISERR(H16*I16),0,H16*I16) -> 0 | L16: =J16*K16 -> 0 | M16: =J16-L16 -> 0
J17: =IF(ISERR(H17*I17),0,H17*I17) -> 0 | L17: =J17*K17 -> 0 | M17: =J17-L17 -> 0
J18: =IF(ISERR(H18*I18),0,H18*I18) -> 0 | L18: =J18*K18 -> 0 | M18: =J18-L18 -> 0
... J32: =IF(ISERR(H32*I32),0,H32*I32) -> 0 | L32: =J32*K32 -> 0 | M32: =J32-L32 -> 0

Sheet 销售
B4: 一级分类 | C4: 二级分类 | D4: 日期 | E4: 名称 | F4: 型号 | G4: 吊牌单价 | H4: 数量 | I4: 吊牌金额 | J4: 折扣 | K4: 折扣额 | L4: 实收金额 | M4: 折扣说明
B5: 分类1 | C5: 分类2 | D5: 42675 | E5: 名称1 | F5: 1-1 | G5: 15 | H5: 10 | I5: =IF(ISERR(G5*H5),0,G5*H5) -> 150 | J5: 0.03 | K5: =I5*J5 -> 4.5 | L5: =IF(ISERR(I5-K5),0,I5-K5) -> 145.5
B6: 分类2 | C6: 分类3 | D6: 42676 | E6: 名称2 | F6: 1-2 | G6: 20 | H6: 10 | I6: =IF(ISERR(G6*H6),"",G6*H6) -> 200 | J6: 0.03 | K6: =I6*J6 -> 6 | L6: =IF(ISERR(I6-K6),0,I6-K6) -> 194 | M6: 会员卡
B7: 分类3 | C7: 分类4 | D7: 42677 | E7: 名称3 | F7: 1-3 | G7: 22 | H7: 10 | I7: =IF(ISERR(G7*H7),"",G7*H7) -> 220 | J7: 0.03 | K7: =I7*J7 -> 6.6 | L7: =IF(ISERR(I7-K7),0,I7-K7) -> 213.4
B8: 分类4 | C8: 分类5 | D8: 42678 | E8: 名称4 | F8: 1-4 | G8: 25 | H8: 10 | I8: =IF(ISERR(G8*H8),"",G8*H8) -> 250 | J8: 0.03 | K8: =I8*J8 -> 7.5 | L8: =IF(ISERR(I8-K8),0,I8-K8) -> 242.5
B9: 分类5 | C9: 分类6 | D9: 42679 | E9: 名称5 | F9: 1-5 | G9: 32 | H9: 10 | I9: =IF(ISERR(G9*H9),"",G9*H9) -> 320 | J9: 0.03 | K9: =I9*J9 -> 9.6 | L9: =IF(ISERR(I9-K9),0,I9-K9) -> 310.4
B10: 分类6 | C10: 分类7 | D10: 42680 | E10: 名称6 | F10: 1-6 | G10: 21 | H10: 10 | I10: =IF(ISERR(G10*H10),"",G10*H10) -> 210 | J10: 0.03 | K10: =I10*J10 -> 6.3 | L10: =IF(ISERR(I10-K10),0,I10-K10) -> 203.7
B11: 分类7 | C11: 分类8 | D11: 42681 | E11: 名称7 | F11: 1-7 | G11: 21 | H11: 10 | I11: =IF(ISERR(G11*H11),"",G11*H11) -> 210 | J11: 0.03 | K11: =I11*J11 -> 6.3 | L11: =IF(ISERR(I11-K11),0,I11-K11) -> 203.7
B12: 分类8 | C12: 分类9 | D12: 42682 | E12: 名称8 | F12: 1-8 | G12: 451 | H12: 10 | I12: =IF(ISERR(G12*H12),"",G12*H12) -> 4510 | J12: 0.03 | K12: =I12*J12 -> 135.3 | L12: =IF(ISERR(I12-K12),0,I12-K12) -> 4374.7
B13: 分类9 | C13: 分类10 | D13: 42683 | E13: 名称9 | F13: 1-9 | I13: =IF(ISERR(G13*H13),"",G13*H13) -> 0 | K13: =I13*J13 -> 0 | L13: =IF(ISERR(I13-K13),0,I13-K13) -> 0
I14: =IF(ISERR(G14*H14),"",G14*H14) -> 0 | K14: =I14*J14 -> 0 | L14: =IF(ISERR(I14-K14),0,I14-K14) -> 0
I15: =IF(ISERR(G15*H15),"",G15*H15) -> 0 | K15: =I15*J15 -> 0 | L15: =IF(ISERR(I15-K15),0,I15-K15) -> 0
I16: =IF(ISERR(G16*H16),"",G16*H16) -> 0 | K16: =I16*J16 -> 0 | L16: =IF(ISERR(I16-K16),0,I16-K16) -> 0
I17: =IF(ISERR(G17*H17),"",G17*H17) -> 0 | K17: =I17*J17 -> 0 | L17: =IF(ISERR(I17-K17),0,I17-K17) -> 0
I18: =IF(ISERR(G18*H18),"",G18*H18) -> 0 | K18: =I18*J18 -> 0 | L18: =IF(ISERR(I18-K18),0,I18-K18) -> 0
I19: =IF(ISERR(G19*H19),"",G19*H19) -> 0 | K19: =I19*J19 -> 0 | L19: =IF(ISERR(I19-K19),0,I19-K19) -> 0
I20: =IF(ISERR(G20*H20),"",G20*H20) -> 0 | K20: =I20*J20 -> 0 | L20: =IF(ISERR(I20-K20),0,I20-K20) -> 0
I21: =IF(ISERR(G21*H21),"",G21*H21) -> 0 | K21: =I21*J21 -> 0 | L21: =IF(ISERR(I21-K21),0,I21-K21) -> 0
I22: =IF(ISERR(G22*H22),"",G22*H22) -> 0 | K22: =I22*J22 -> 0 | L22: =IF(ISERR(I22-K22),0,I22-K22) -> 0
I23: =IF(ISERR(G23*H23),"",G23*H23) -> 0 | K23: =I23*J23 -> 0 | L23: =IF(ISERR(I23-K23),0,I23-K23) -> 0
I24: =IF(ISERR(G24*H24),"",G24*H24) -> 0 | K24: =I24*J24 -> 0 | L24: =IF(ISERR(I24-K24),0,I24-K24) -> 0
I25: =IF(ISERR(G25*H25),"",G25*H25) -> 0 | K25: =I25*J25 -> 0 | L25: =IF(ISERR(I25-K25),0,I25-K25) -> 0
... I32: =IF(ISERR(G32*H32),"",G32*H32) -> 0 | K32: =I32*J32 -> 0 | L32: =IF(ISERR(I32-K32),0,I32-K32) -> 0

Sheet 库存
B4: 名称 | C4: 型号 | D4: 上月库存 | E4: 入库数 | F4: 入库总额 | G4: 出库数 | H4: 出库总额 | I4: 库存 | J4: 毛利润 | K4: 备注
B5: 名称1 | C5: 1-1 | D5: =SUMIFS(基础信息!$L$4:$L$5000,基础信息!$K$4:$K$5000,C5,基础信息!$J$4:$J$5000,B5) -> 150 | E5: =SUMIFS(入库!$I$5:$I$5000,入库!$G$5:$G$5000,C5,入库!$F$5:$F$5000,B5) -> 10 | F5: =SUMIFS(入库!$M$5:$M$5000,入库!$G$5:$G$5000,C5,入库!$F$5:$F$5000,B5) -> 114 | G5: =SUMIFS(销售!$H$5:$H$5000,销售!$F$5:$F$5000,C5,销售!$E$5:$E$5000,B5) -> 10 | H5: =SUMIFS(销售!$L$5:$L$5000,销售!$F$5:$F$5000,C5,销售!$E$5:$E$5000,B5) -> 145.5 | I5: =D5+F5-G5 -> 254 | J5: =H5-F5 -> 31.5
B6: 名称2 | C6: 1-2 | D6: =SUMIFS(基础信息!$L$4:$L$5000,基础信息!$K$4:$K$5000,C6,基础信息!$J$4:$J$5000,B6) -> 32 | E6: =SUMIFS(入库!$I$5:$I$5000,入库!$G$5:$G$5000,C6,入库!$F$5:$F$5000,B6) -> 10 | F6: =SUMIFS(入库!$M$5:$M$5000,入库!$G$5:$G$5000,C6,入库!$F$5:$F$5000,B6) -> 123.5 | G6: =SUMIFS(销售!$H$5:$H$5000,销售!$F$5:$F$5000,C6,销售!$E$5:$E$5000,B6) -> 10 | H6: =SUMIFS(销售!$L$5:$L$5000,销售!$F$5:$F$5000,C6,销售!$E$5:$E$5000,B6) -> 194 | I6: =D6+F6-G6 -> 145.5 | J6: =H6-F6 -> 70.5
B7: 名称3 | C7: 1-3 | D7: =SUMIFS(基础信息!$L$4:$L$5000,基础信息!$K$4:$K$5000,C7,基础信息!$J$4:$J$5000,B7) -> 23 | E7: =SUMIFS(入库!$I$5:$I$5000,入库!$G$5:$G$5000,C7,入库!$F$5:$F$5000,B7) -> 0 | F7: =SUMIFS(入库!$M$5:$M$5000,入库!$G$5:$G$5000,C7,入库!$F$5:$F$5000,B7) -> 0 | G7: =SUMIFS(销售!$H$5:$H$5000,销售!$F$5:$F$5000,C7,销售!$E$5:$E$5000,B7) -> 10 | H7: =SUMIFS(销售!$L$5:$L$5000,销售!$F$5:$F$5000,C7,销售!$E$5:$E$5000,B7) -> 213.4 | I7: =D7+F7-G7 -> 13 | J7: =H7-F7 -> 213.4
B8: 名称4 | C8: 1-4 | D8: =SUMIFS(基础信息!$L$4:$L$5000,基础信息!$K$4:$K$5000,C8,基础信息!$J$4:$J$5000,B8) -> 50 | E8: =SUMIFS(入库!$I$5:$I$5000,入库!$G$5:$G$5000,C8,入库!$F$5:$F$5000,B8) -> 0 | F8: =SUMIFS(入库!$M$5:$M$5000,入库!$G$5:$G$5000,C8,入库!$F$5:$F$5000,B8) -> 0 | G8: =SUMIFS(销售!$H$5:$H$5000,销售!$F$5:$F$5000,C8,销售!$E$5:$E$5000,B8) -> 10 | H8: =SUMIFS(销售!$L$5:$L$5000,销售!$F$5:$F$5000,C8,销售!$E$5:$E$5000,B8) -> 242.5 | I8: =D8+F8-G8 -> 40 | J8: =H8-F8 -> 242.5
B9: 名称5 | C9: 1-5 | D9: =SUMIFS(基础信息!$L$4:$L$5000,基础信息!$K$4:$K$5000,C9,基础信息!$J$4:$J$5000,B9) -> 62 | E9: =SUMIFS(入库!$I$5:$I$5000,入库!$G$5:$G$5000,C9,入库!$F$5:$F$5000,B9) -> 0 | F9: =SUMIFS(入库!$M$5:$M$5000,入库!$G$5:$G$5000,C9,入库!$F$5:$F$5000,B9) -> 0 | G9: =SUMIFS(销售!$H$5:$H$5000,销售!$F$5:$F$5000,C9,销售!$E$5:$E$5000,B9) -> 10 | H9: =SUMIFS(销售!$L$5:$L$5000,销售!$F$5:$F$5000,C9,销售!$E$5:$E$5000,B9) -> 310.4 | I9: =D9+F9-G9 -> 52 | J9: =H9-F9 -> 310.4
B10: 名称6 | C10: 1-6 | D10: =SUMIFS(基础信息!$L$4:$L$5000,基础信息!$K$4:$K$5000,C10,基础信息!$J$4:$J$5000,B10) -> 31 | E10: =SUMIFS(入库!$I$5:$I$5000,入库!$G$5:$G$5000,C10,入库!$F$5:$F$5000,B10) -> 0 | F10: =SUMIFS(入库!$M$5:$M$5000,入库!$G$5:$G$5000,C10,入库!$F$5:$F$5000,B10) -> 0 | G10: =SUMIFS(销售!$H$5:$H$5000,销售!$F$5:$F$5000,C10,销售!$E$5:$E$5000,B10) -> 10 | H10: =SUMIFS(销售!$L$5:$L$5000,销售!$F$5:$F$5000,C10,销售!$E$5:$E$5000,B10) -> 203.7 | I10: =D10+F10-G10 -> 21 | J10: =H10-F10 -> 203.7
B11: 名称7 | C11: 1-7 | D11: =SUMIFS(基础信息!$L$4:$L$5000,基础信息!$K$4:$K$5000,C11,基础信息!$J$4:$J$5000,B11) -> 0 | E11: =SUMIFS(入库!$I$5:$I$5000,入库!$G$5:$G$5000,C11,入库!$F$5:$F$5000,B11) -> 0 | F11: =SUMIFS(入库!$M$5:$M$5000,入库!$G$5:$G$5000,C11,入库!$F$5:$F$5000,B11) -> 0 | G11: =SUMIFS(销售!$H$5:$H$5000,销售!$F$5:$F$5000,C11,销售!$E$5:$E$5000,B11) -> 10 | H11: =SUMIFS(销售!$L$5:$L$5000,销售!$F$5:$F$5000,C11,销售!$E$5:$E$5000,B11) -> 203.7 | I11: =D11+F11-G11 -> -10 | J11: =H11-F11 -> 203.7
B12: 名称8 | C12: 1-8 | D12: =SUMIFS(基础信息!$L$4:$L$5000,基础信息!$K$4:$K$5000,C12,基础信息!$J$4:$J$5000,B12) -> 21 | E12: =SUMIFS(入库!$I$5:$I$5000,入库!$G$5:$G$5000,C12,入库!$F$5:$F$5000,B12) -> 0 | F12: =SUMIFS(入库!$M$5:$M$5000,入库!$G$5:$G$5000,C12,入库!$F$5:$F$5000,B12) -> 0 | G12: =SUMIFS(销售!$H$5:$H$5000,销售!$F$5:$F$5000,C12,销售!$E$5:$E$5000,B12) -> 10 | H12: =SUMIFS(销售!$L$5:$L$5000,销售!$F$5:$F$5000,C12,销售!$E$5:$E$5000,B12) -> 4374.7 | I12: =D12+F12-G12 -> 11 | J12: =H12-F12 -> 4374.7
B13: 名称9 | C13: 1-9 | D13: =SUMIFS(基础信息!$L$4:$L$5000,基础信息!$K$4:$K$5000,C13,基础信息!$J$4:$J$5000,B13) -> 88 | E13: =SUMIFS(入库!$I$5:$I$5000,入库!$G$5:$G$5000,C13,入库!$F$5:$F$5000,B13) -> 0 | F13: =SUMIFS(入库!$M$5:$M$5000,入库!$G$5:$G$5000,C13,入库!$F$5:$F$5000,B13) -> 0 | G13: =SUMIFS(销售!$H$5:$H$5000,销售!$F$5:$F$5000,C13,销售!$E$5:$E$5000,B13) -> 0 | H13: =SUMIFS(销售!$L$5:$L$5000,销售!$F$5:$F$5000,C13,销售!$E$5:$E$5000,B13) -> 0 | I13: =D13+F13-G13 -> 88 | J13: =H13-F13 -> 0
D14: =SUMIFS(基础信息!$L$4:$L$5000,基础信息!$K$4:$K$5000,C14,基础信息!$J$4:$J$5000,B14) -> 0 | E14: =SUMIFS(入库!$I$5:$I$5000,入库!$G$5:$G$5000,C14,入库!$F$5:$F$5000,B14) -> 0 | F14: =SUMIFS(入库!$M$5:$M$5000,入库!$G$5:$G$5000,C14,入库!$F$5:$F$5000,B14) -> 0 | G14: =SUMIFS(销售!$H$5:$H$5000,销售!$F$5:$F$5000,C14,销售!$E$5:$E$5000,B14) -> 0 | H14: =SUMIFS(销售!$L$5:$L$5000,销售!$F$5:$F$5000,C14,销售!$E$5:$E$5000,B14) -> 0 | I14: =D14+F14-G14 -> 0 | J14: =H14-F14 -> 0
D15: =SUMIFS(基础信息!$L$4:$L$5000,基础信息!$K$4:$K$5000,C15,基础信息!$J$4:$J$5000,B15) -> 0 | E15: =SUMIFS(入库!$I$5:$I$5000,入库!$G$5:$G$5000,C15,入库!$F$5:$F$5000,B15) -> 0 | F15: =SUMIFS(入库!$M$5:$M$5000,入库!$G$5:$G$5000,C15,入库!$F$5:$F$5000,B15) -> 0 | G15: =SUMIFS(销售!$H$5:$H$5000,销售!$F$5:$F$5000,C15,销售!$E$5:$E$5000,B15) -> 0 | H15: =SUMIFS(销售!$L$5:$L$5000,销售!$F$5:$F$5000,C15,销售!$E$5:$E$5000,B15) -> 0 | I15: =D15+F15-G15 -> 0 | J15: =H15-F15 -> 0
D16: =SUMIFS(基础信息!$L$4:$L$5000,基础信息!$K$4:$K$5000,C16,基础信息!$J$4:$J$5000,B16) -> 0 | E16: =SUMIFS(入库!$I$5:$I$5000,入库!$G$5:$G$5000,C16,入库!$F$5:$F$5000,B16) -> 0 | F16: =SUMIFS(入库!$M$5:$M$5000,入库!$G$5:$G$5000,C16,入库!$F$5:$F$5000,B16) -> 0 | G16: =SUMIFS(销售!$H$5:$H$5000,销售!$F$5:$F$5000,C16,销售!$E$5:$E$5000,B16) -> 0 | H16: =SUMIFS(销售!$L$5:$L$5000,销售!$F$5:$F$5000,C16,销售!$E$5:$E$5000,B16) -> 0 | I16: =D16+F16-G16 -> 0 | J16: =H16-F16 -> 0
D17: =SUMIFS(基础信息!$L$4:$L$5000,基础信息!$K$4:$K$5000,C17,基础信息!$J$4:$J$5000,B17) -> 0 | E17: =SUMIFS(入库!$I$5:$I$5000,入库!$G$5:$G$5000,C17,入库!$F$5:$F$5000,B17) -> 0 | F17: =SUMIFS(入库!$M$5:$M$5000,入库!$G$5:$G$5000,C17,入库!$F$5:$F$5000,B17) -> 0 | G17: =SUMIFS(销售!$H$5:$H$5000,销售!$F$5:$F$5000,C17,销售!$E$5:$E$5000,B17) -> 0 | H17: =SUMIFS(销售!$L$5:$L$5000,销售!$F$5:$F$5000,C17,销售!$E$5:$E$5000,B17) -> 0 | I17: =D17+F17-G17 -> 0 | J17: =H17-F17 -> 0
D18: =SUMIFS(基础信息!$L$4:$L$5000,基础信息!$K$4:$K$5000,C18,基础信息!$J$4:$J$5000,B18) -> 0 | E18: =SUMIFS(入库!$I$5:$I$5000,入库!$G$5:$G$5000,C18,入库!$F$5:$F$5000,B18) -> 0 | F18: =SUMIFS(入库!$M$5:$M$5000,入库!$G$5:$G$5000,C18,入库!$F$5:$F$5000,B18) -> 0 | G18: =SUMIFS(销售!$H$5:$H$5000,销售!$F$5:$F$5000,C18,销售!$E$5:$E$5000,B18) -> 0 | H18: =SUMIFS(销售!$L$5:$L$5000,销售!$F$5:$F$5000,C18,销售!$E$5:$E$5000,B18) -> 0 | I18: =D18+F18-G18 -> 0 | J18: =H18-F18 -> 0
D19: =SUMIFS(基础信息!$L$4:$L$5000,基础信息!$K$4:$K$5000,C19,基础信息!$J$4:$J$5000,B19) -> 0 | E19: =SUMIFS(入库!$I$5:$I$5000,入库!$G$5:$G$5000,C19,入库!$F$5:$F$5000,B19) -> 0 | F19: =SUMIFS(入库!$M$5:$M$5000,入库!$G$5:$G$5000,C19,入库!$F$5:$F$5000,B19) -> 0 | G19: =SUMIFS(销售!$H$5:$H$5000,销售!$F$5:$F$5000,C19,销售!$E$5:$E$5000,B19) -> 0 | H19: =SUMIFS(销售!$L$5:$L$5000,销售!$F$5:$F$5000,C19,销售!$E$5:$E$5000,B19) -> 0 | I19: =D19+F19-G19 -> 0 | J19: =H19-F19 -> 0
D20: =SUMIFS(基础信息!$L$4:$L$5000,基础信息!$K$4:$K$5000,C20,基础信息!$J$4:$J$5000,B20) -> 0 | E20: =SUMIFS(入库!$I$5:$I$5000,入库!$G$5:$G$5000,C20,入库!$F$5:$F$5000,B20) -> 0 | F20: =SUMIFS(入库!$M$5:$M$5000,入库!$G$5:$G$5000,C20,入库!$F$5:$F$5000,B20) -> 0 | G20: =SUMIFS(销售!$H$5:$H$5000,销售!$F$5:$F$5000,C20,销售!$E$5:$E$5000,B20) -> 0 | H20: =SUMIFS(销售!$L$5:$L$5000,销售!$F$5:$F$5000,C20,销售!$E$5:$E$5000,B20) -> 0 | I20: =D20+F20-G20 -> 0 | J20: =H20-F20 -> 0
D21: =SUMIFS(基础信息!$L$4:$L$5000,基础信息!$K$4:$K$5000,C21,基础信息!$J$4:$J$5000,B21) -> 0 | E21: =SUMIFS(入库!$I$5:$I$5000,入库!$G$5:$G$5000,C21,入库!$F$5:$F$5000,B21) -> 0 | F21: =SUMIFS(入库!$M$5:$M$5000,入库!$G$5:$G$5000,C21,入库!$F$5:$F$5000,B21) -> 0 | G21: =SUMIFS(销售!$H$5:$H$5000,销售!$F$5:$F$5000,C21,销售!$E$5:$E$5000,B21) -> 0 | H21: =SUMIFS(销售!$L$5:$L$5000,销售!$F$5:$F$5000,C21,销售!$E$5:$E$5000,B21) -> 0 | I21: =D21+F21-G21 -> 0 | J21: =H21-F21 -> 0
D22: =SUMIFS(基础信息!$L$4:$L$5000,基础信息!$K$4:$K$5000,C22,基础信息!$J$4:$J$5000,B22) -> 0 | E22: =SUMIFS(入库!$I$5:$I$5000,入库!$G$5:$G$5000,C22,入库!$F$5:$F$5000,B22) -> 0 | F22: =SUMIFS(入库!$M$5:$M$5000,入库!$G$5:$G$5000,C22,入库!$F$5:$F$5000,B22) -> 0 | G22: =SUMIFS(销售!$H$5:$H$5000,销售!$F$5:$F$5000,C22,销售!$E$5:$E$5000,B22) -> 0 | H22: =SUMIFS(销售!$L$5:$L$5000,销售!$F$5:$F$5000,C22,销售!$E$5:$E$5000,B22) -> 0 | I22: =D22+F22-G22 -> 0 | J22: =H22-F22 -> 0
D23: =SUMIFS(基础信息!$L$4:$L$5000,基础信息!$K$4:$K$5000,C23,基础信息!$J$4:$J$5000,B23) -> 0 | E23: =SUMIFS(入库!$I$5:$I$5000,入库!$G$5:$G$5000,C23,入库!$F$5:$F$5000,B23) -> 0 | F23: =SUMIFS(入库!$M$5:$M$5000,入库!$G$5:$G$5000,C23,入库!$F$5:$F$5000,B23) -> 0 | G23: =SUMIFS(销售!$H$5:$H$5000,销售!$F$5:$F$5000,C23,销售!$E$5:$E$5000,B23) -> 0 | H23: =SUMIFS(销售!$L$5:$L$5000,销售!$F$5:$F$5000,C23,销售!$E$5:$E$5000,B23) -> 0 | I23: =D23+F23-G23 -> 0 | J23: =H23-F23 -> 0
D24: =SUMIFS(基础信息!$L$4:$L$5000,基础信息!$K$4:$K$5000,C24,基础信息!$J$4:$J$5000,B24) -> 0 | E24: =SUMIFS(入库!$I$5:$I$5000,入库!$G$5:$G$5000,C24,入库!$F$5:$F$5000,B24) -> 0 | F24: =SUMIFS(入库!$M$5:$M$5000,入库!$G$5:$G$5000,C24,入库!$F$5:$F$5000,B24) -> 0 | G24: =SUMIFS(销售!$H$5:$H$5000,销售!$F$5:$F$5000,C24,销售!$E$5:$E$5000,B24) -> 0 | H24: =SUMIFS(销售!$L$5:$L$5000,销售!$F$5:$F$5000,C24,销售!$E$5:$E$5000,B24) -> 0 | I24: =D24+F24-G24 -> 0 | J24: =H24-F24 -> 0
D25: =SUMIFS(基础信息!$L$4:$L$5000,基础信息!$K$4:$K$5000,C25,基础信息!$J$4:$J$5000,B25) -> 0 | E25: =SUMIFS(入库!$I$5:$I$5000,入库!$G$5:$G$5000,C25,入库!$F$5:$F$5000,B25) -> 0 | F25: =SUMIFS(入库!$M$5:$M$5000,入库!$G$5:$G$5000,C25,入库!$F$5:$F$5000,B25) -> 0 | G25: =SUMIFS(销售!$H$5:$H$5000,销售!$F$5:$F$5000,C25,销售!$E$5:$E$5000,B25) -> 0 | H25: =SUMIFS(销售!$L$5:$L$5000,销售!$F$5:$F$5000,C25,销售!$E$5:$E$5000,B25) -> 0 | I25: =D25+F25-G25 -> 0 | J25: =H25-F25 -> 0

Sheet 基础信息
B3: 一级分类 | D3: 二级分类 | F3: 名称 | J3: 名称 | K3: 型号 | L3: 上月库存数
B4: 分类1 | D4: 分类2 | F4: 名称1 | J4: 名称1 | K4: 1-1 | L4: 150
B5: 分类2 | D5: 分类3 | F5: 名称2 | J5: 名称2 | K5: 1-2 | L5: 32
B6: 分类3 | D6: 分类4 | F6: 名称3 | J6: 名称3 | K6: 1-3 | L6: 23
B7: 分类4 | D7: 分类5 | F7: 名称4 | J7: 名称4 | K7: 1-4 | L7: 50
B8: 分类5 | D8: 分类6 | F8: 名称5 | J8: 名称5 | K8: 1-5 | L8: 62
B9: 分类6 | D9: 分类7 | F9: 名称6 | J9: 名称6 | K9: 1-6 | L9: 31
B10: 分类7 | D10: 分类8 | F10: 名称7 | J10: 名称7 | K10: 1-7 | L10: 0
B11: 分类8 | D11: 分类9 | F11: 名称8 | J11: 名称8 | K11: 1-8 | L11: 21
B12: 分类9 | D12: 分类10 | F12: 名称9 | J12: 名称9 | K12: 1-9 | L12: 88
B13: 分类10 | D13: 分类11 | F13: 名称10
B14: 分类11 | D14: 分类12 | F14: 名称11
B15: 分类12 | D15: 分类13 | F15: 名称12
B16: 分类13 | D16: 分类14 | F16: 名称13
B17: 分类14 | D17: 分类15 | F17: 名称14
B18: 分类15 | D18: 分类16 | F18: 名称15
B19: 分类16 | D19: 分类17 | F19: 名称16
